 Dungeon Crawl Stone Soup version 0.30-a0-802-gb92711bcdf (webtiles) character file.

Game seed: 9289984229178165870

14 jimonade the Magician (level 2, -4/23 HPs)
             Began as a Djinni Warper on Feb 25, 2023.
             Slain by a worm (11 damage)
             ... on level 2 of the Dungeon.
             The game lasted 00:00:59 (836 turns).

jimonade the Magician (Djinni Warper)                Turns: 836, Time: 00:01:00

Health: -4/23      AC:  3    Str: 10    XL:     2   Next: 60%
Gold:   30         EV: 11    Int: 14    God:
                   SH:  0    Dex: 12

rFire   + + .      SeeInvis .    a - +0 mace
rCold   x . .      Faith    .    (no shield)
rNeg    . . .      Spirit   .    b - +0 leather armour
rPois   ∞          Reflect  .    (no helmet)
rElec   .          Harm     .    (no cloak)
rCorr   .          Rampage  .    (no gloves)
Will    .....                    (boots unavailable)
Stlth   +                        (no amulet)
HPRegen 0.23/turn                (no ring)
MPRegen 0.00/turn                (no ring)

@: flying
A: sickness immunity, fire resistance 2, cold vulnerability 1, float, innate
caster, HP casting, extra vitality 1
a: no special abilities


You were on level 2 of the Dungeon.
You visited 1 branch of the dungeon, and saw 2 of its levels.

You collected 30 gold pieces.

Inventory:

Hand Weapons
 a - a +0 mace (weapon)
Missiles
 d - 7 boomerangs of dispersal (quivered)
 f - 17 stones
 g - 6 boomerangs
Armour
 b - a +0 leather armour (worn)
Magical Staves
 l - a staff of cold
Scrolls
 c - a scroll of blinking
 h - 2 scrolls of identify {unknown}
 i - 2 scrolls of poison {unknown}
Potions
 e - a potion of flight {unknown}
 j - a potion of curing {unknown}
 k - a potion of might {unknown}


   Skills:
 + Level 2.0 Fighting
 + Level 1.8 Maces & Flails
 + Level 0.7 Throwing
 + Level 1.0 Armour
 + Level 2.2 Dodging
 * Level 2.8 Spellcasting


You knew the following spells:

 Your Spells              Type           Power      Damage    Failure   Level
a - Blink                 Tloc           18%        N/A       14%         2
b - Lesser Beckoning      Tloc           18%        N/A       14%         2
c - Vhi's Electric Charg  Tloc/Air       18%        N/A       28%         3
d - Teleport Other        Tloc           9%         N/A       28%         3
e - Manifold Assault      Tloc           9%         N/A       67%         4
Your spell library was empty.

Dungeon Overview and Level Annotations

Branches:
Dungeon (2/15)

Altars:


Innate Abilities, Weirdness & Mutations

You are immune to sickness and miasma.
You are immune to poison.
Your flesh is very heat resistant. (rF++)
You are vulnerable to cold. (rC-)
You float through the air rather than walking.
You learn spells naturally, not from books.
Your magical power is your life essence.
You have superior vitality. (+4 MHP)


Message History

You hit the kobold.
You kill the kobold!
No target in view!
Search for what [Enter for "."]? staff You see here a staff of cold.
l - a staff of cold You reach down and open the door.
Found a stone staircase leading down.
There is an open door here.
You reach down and open the door.
There is an open door here.
A worm comes into view.
A worm is nearby!
The worm bites you.
You barely miss the worm. You hit the worm.
The worm is moderately wounded.
The worm barely misses you.
You hit the worm.
The worm is moderately wounded.
The worm closely misses you.
You hit the worm.
The worm is moderately wounded.
The worm bites you.
You hit the worm.
The worm is heavily wounded.
The worm bites you.
You hit the worm.
The worm is heavily wounded.
You hit the worm but do no damage.
The worm is heavily wounded.
The worm bites you.
You hit the worm.
The worm is severely wounded.
The worm bites you.
You are too injured to fight recklessly!
You hit the worm.
The worm is almost dead.
The worm bites you!
You die...

..##.........
.......####.... ..
#####.## #.#.. .# #.#
#.#.# .# ##'## #.#.#
#.# ##...## #.#.# ..#
##.....###.#.###..##.#
##.......##.#.........#
#...>.....#.....@w.#
..........'...........#
#.........####......#.#
##.......## #.....##
##.....## #.......
##...## ####.#### ##+#
.# .#


You could see a worm.

Vanquished Creatures
  A ball python (D:1)
  A giant cockroach (D:1)
  A goblin (D:1)
  2 hobgoblins (D:1)
  3 kobolds
  A bat (D:1)
  3 frilled lizards
  A rat (D:1)
13 creatures vanquished.

Notes
Turn   | Place    | Note
-------+----------+-------------------------------------------
     0 | D:1      | jimonade the Djinni Warper began the quest for the Orb.
     0 | D:1      | jimonade set off with the following spells memorised:
                  | Blink, Lesser Beckoning, Vhi's Electric Charge, Teleport
                  | Other, Manifold Assault.
     0 | D:1      | Reached XP level 1. HP: 18/18 MP: 0/0
   267 | D:1      | Reached XP level 2. HP: 23/23 MP: 0/0
   836 | D:2      | Slain by a worm

Illustrated notes

Levels and vault maps discovered:
D:1:      enne_arrival_octagon_isle, layout_basic, minivault_14
D:2:      layout_loops_corners, hangedman_decor_opposing,
          uniq_crazy_yiuf_cottage

Action                     || total
---------------------------++-------
  Melee: Mace              ||    45
         Punch             ||     1
 Armour: Leather armour    ||    13
  Dodge: Dodged            ||    30

Table legend: (Time is in decaauts)
 A = Elapsed time spent in this place.
 B = Non-inter-level travel time spent in this place.
 C = Inter-level travel time spent in this place.
 D = Time resting spent in this place.
 E = Time spent auto-exploring this place.
 F = Levels seen in this place.
 G = Mean time per level.
                   A        B        C        D        E       F      G
               +--------+--------+--------+--------+--------+-----+--------+
         Total |    849 |    778 |     71 |      0 |    643 |   2 |  424.5 |
       Dungeon |    849 |    778 |     71 |      0 |    643 |   2 |  424.5 |
               +--------+--------+--------+--------+--------+-----+--------+

Top non-repeatable levels by time:
     D:1: 611 daAuts
     D:2: 238 daAuts
